 Dungeon Crawl Stone Soup version 0.31.0-4-g52a2dc7128 (console) character file.

Game seed: 14129255113124172697

269 AlterAsc the Ducker (level 6, -1/32 HPs)
             Began as a Spriggan Shapeshifter on Jan 21, 2024.
             Slain by Grinder (8 damage)
             ... while paralysed by Grinder
             ... on level 3 of the Dungeon.
             The game lasted 00:11:36 (3505 turns).

AlterAsc the Ducker (Spriggan Shapeshifter)         Turns: 3505, Time: 00:11:36

Health: -1/32      AC:  2    Str: 10    XL:     6   Next: 1%
Magic:  7/7        EV:  4    Int: 12    God:
Gold:   135        SH:  0    Dex: 16    Spells: 5/5 levels left

rFire   . . .        r - +2 whip (venom)
rCold   . . .        (no shield)
rNeg    . . .        a - +0 animal skin
rPois   .            (helmet currently unavailable)
rElec   .            (cloak currently unavailable)
rCorr   .            (gloves unavailable)
SInv    +            (boots unavailable)
Will    +....        (no amulet)
Stlth   +            o - +5 ring of evasion
HPRegen 0.25/turn    (no ring)
MPRegen 0.10/turn

%: no passive effects
@: paralysed, beast-form, very quick
A: beast (slay +2), very small, no large weapons, unfitting armour, see
invisible, speed 3
a: Begin Untransformation


You were on level 3 of the Dungeon.
You were a hulking beast.
You visited 1 branch of the dungeon, and saw 3 of its levels.
You also visited: Sewer.

You collected 135 gold pieces.

Inventory:

Hand Weapons
 g - a +1 dagger of speed
 q - a +1 hand axe of holy wrath
 r - a +2 whip of venom (weapon)
 t - a +0 dagger of electrocution
Missiles
 e - 5 stones (quivered)
Armour
 a - a +0 animal skin (worn)
 s - a +0 animal skin
Jewellery
 i - a ring of magical power
 o - a +5 ring of evasion (left hand)
Talismans
 c - a beast talisman
 d - a flux talisman
 j - a blade talisman
Scrolls
 h - a scroll of identify
 k - a scroll of poison {unknown}
 l - a scroll of blinking {unknown}
 n - 2 scrolls of teleportation
 u - a scroll of enchant weapon {unknown}
 x - a scroll of revelation {unknown}
 y - a scroll of vulnerability {unknown}
Potions
 b - a potion of lignification
 f - 2 potions of invisibility
 m - a potion of enlightenment {unknown}
 p - a potion of berserk rage {unknown}
 v - 2 potions of heal wounds {unknown}
 w - a potion of resistance {unknown}
 z - a potion of brilliance {unknown}


   Skills:
 * Level 2.9 Fighting
 * Level 5.5 Dodging
 - Level 3.0 Unarmed Combat
 + Level 4.8 Shapeshifting


You had 5 spell levels left.
You didn't know any spells.
Your spell library contained the following spells:

 Spells                   Type           Power      Damage    Failure   Level
 Volatile Blastmotes      Fire/Tloc      0%         2d10      69%         3
 Fulminant Prism          Conj/Alch      0%         3d5       97%         4
 Iskenderun's Mystic Bla  Conj/Tloc      0%         2d3       97%         4


Dungeon Overview and Level Annotations

Branches:
Dungeon (3/15)              Sewer (visited)

Altars:

Annotations:
D:3 Grinder


Innate Abilities, Weirdness & Mutations

You are a hulking beast.
Your limbs bulge with bestial killing power. (Slay +2)
You are very small and have problems with some larger weapons.
You are too small for most types of armour.
You have supernaturally acute eyesight. (SInv)
You cover ground extremely quickly. (Speed+++)


Message History

Grinder completely misses you.
You hit Grinder.
Grinder is lightly wounded.
Grinder gestures at you.
You easily resist.
You hit Grinder.
Grinder is moderately wounded.
Grinder blinks!
You hit Grinder.
Grinder is moderately wounded.
Grinder completely misses you.
You barely miss Grinder.
Grinder is moderately wounded.
Grinder misses you.
You whack Grinder!
Grinder is severely wounded.
Grinder barely misses you.
You closely miss Grinder.
Grinder is severely wounded.
Grinder gestures at you. Pain shoots through your body!
You hit Grinder.
Grinder is poisoned.
Grinder is severely wounded.
Grinder gestures at you. You resist with significant effort.
You barely miss Grinder.
Grinder is severely wounded.
Grinder gestures at you. Pain shoots through your body!
* * * LOW HITPOINT WARNING * * *
You hit Grinder.
Grinder is almost dead.
Grinder sighs, "No one appreciates my work."
Grinder misses you.
You closely miss Grinder.
Grinder is almost dead.
Grinder gestures at you.
You suddenly lose the ability to move!
Grinder hits you!
You die...
Grinder says, "Now the real fun starts!"

######.#################.#g#
................# #.#.#
.#####.#........# #.#.#
.......#.######## #.#.#
.......#.# ##########.#.#
.......#.# #.......##.#.#
.#####.#.# #.#####.##.#.# .#
#.#.# #.#...#.##.#.# .# #.#.#
#.....#.##.#.# .#
#.#.############.##.#.#
.#####.#.......5h........#.#
.......##############.####.##
..###### #.##....# ..#
#.##.#### .># ####.# ..# #.#
..# ♣♣♣♣♣##.## ..#
#####♣♣♣.♣...#..# ..#
#...#♣..♣.......# ..#
#...'.♣♣♣♣......# ..# #)..#♣♣
♣♣..#.##


You could see Grinder (very poisoned).

Vanquished Creatures
  A crocodile (Sewer)
  Crazy Yiuf (D:3)
  Terence (D:3)
  Robin (D:2)
  3 adders
  A river rat (D:2)
  4 orcs (D:3)
  6 bats
  5 endoplasms
  A giant cockroach (D:3)
  12 hobgoblins
  8 jackals
  2 kobolds
  A quokka (D:1)
  3 ball pythons
  3 frilled lizards
  14 goblins
  6 rats
73 creatures vanquished.

Notes
Turn   | Place    | Note
-------+----------+-------------------------------------------
     0 | D:1      | AlterAsc the Spriggan Shapeshifter began the quest for the
                  | Orb.
     0 | D:1      | Reached XP level 1. HP: 9/9 MP: 2/2
   263 | D:1      | Reached skill level 1 in Fighting
   347 | D:1      | Reached skill level 3 in Dodging
   370 | D:1      | Reached XP level 2. HP: 14/14 MP: 3/3
   861 | D:2      | Reached XP level 3. HP: 12/18 MP: 4/4
  1542 | D:2      | Found a faded altar of an unknown god.
  1586 | D:3      | Reached skill level 4 in Dodging
  1615 | D:3      | Reached XP level 4. HP: 23/23 MP: 5/5
  1630 | D:3      | Found a glowing drain.
  1633 | D:3      | Noticed Robin
  1750 | D:2      | Killed Robin
  2257 | D:3      | Noticed Grinder
  2329 | Sewer    | Entered a sewer
  2494 | Sewer    | Noticed a crocodile
  2505 | Sewer    | Killed a crocodile
  2506 | Sewer    | Reached skill level 5 in Dodging
  2506 | Sewer    | Reached XP level 5. HP: 27/27 MP: 6/6
  2833 | D:3      | Noticed Terence
  2842 | D:3      | Killed Terence
  2961 | D:3      | Found a runed translucent door.
  2962 | D:3      | Noticed Crazy Yiuf
  3294 | D:3      | Killed Crazy Yiuf
  3295 | D:3      | Reached XP level 6. HP: 24/32 MP: 7/7
  3505 | D:3      | Paralysed by Grinder for 4 turns
  3505 | D:3      | Slain by Grinder

Illustrated notes

Levels and vault maps discovered:
D:1:      tarquinn_simple_flora_water_e, layout_basic, roderic_malta_cross
D:2:      layout_loops_ring, shapermc_ecumenical_altar_petra
D:3:      layout_basic, cheibrodos_sewer_entry_sluice, uniq_robin, uniq_grinder,
          uniq_crazy_yiuf_cottage, uniq_terence

Skill      XL: |  1  2  3  4 |
---------------+-------------+-----
Fighting       | 1 2 |  2.9
Dodging        | 3 4 5 |  5.5
Unarmed Combat | 3 |  3.0
Shapeshifting  | |  4.8

Action                     |  1- 3 |  4- 6 || total
---------------------------+-------+-------++-------
  Melee: Dagger            |   115 |    81 ||   196
         Unarmed           |     3 |       ||     3
         Punch             |     3 |     1 ||     4
         Whip              |       |    24 ||    24
  Throw: Stone             |    13 |    31 ||    44
    Use: Scroll            |       |     2 ||     2
   Stab: Sleeping          |     1 |     3 ||     4
 Armour: Animal skin       |    12 |    17 ||    29
  Dodge: Dodged            |    68 |    65 ||   133
